 Dungeon Crawl Stone Soup version 0.28.0-53-g5a82cb258f (webtiles) character file.

Game seed: 5400827523841826394

94 kudzoo the Sneak (level 4, -2/21 HPs)
             Began as a Spriggan Enchanter on Aug 6, 2022.
             Slain by a lemure (9 damage)
             ... led by Pikel
             ... on level 4 of the Dungeon.
             The game lasted 00:23:16 (2199 turns).

kudzoo the Sneak (Spriggan Enchanter)               Turns: 2199, Time: 00:23:16

Health: -2/21      AC:  3    Str:  4    XL:     4   Next: 38%
Magic:  9/9        EV: 17    Int: 18    God:
Gold:   75         SH:  0    Dex: 15    Spells: 7/9 levels left

rFire   . . .      SeeInvis +   a - +1 dagger
rCold   . . .      Faith    .   (no shield)
rNeg    . . .      Spirit   .   b - +0 robe
rPois   +          Reflect  .   (helmet restricted)
rElec   .          Harm     .   m - +0 cloak
rCorr   .          Rampage  .   (gloves unavailable)
Will    .....                   (boots unavailable)
Stlth   +++.......              r - amulet of magic regeneration
HPRegen 0.07/turn               t - ring of poison resistance
MPRegen 0.51/turn               (no ring)

@: very quick
A: very small, no large weapons, unfitting armour, see invisible, speed 3
a: no special abilities


You were on level 4 of the Dungeon.
You visited 1 branch of the dungeon, and saw 4 of its levels.

You collected 75 gold pieces.

Inventory:

Hand Weapons
 a - a +1 dagger (weapon)
 j - a +0 hunting sling
Missiles
 d - 37 arrows
 e - 40 sling bullets
 h - 93 stones (quivered)
 n - 10 bolts
Armour
 b - a +0 robe (worn)
 m - a +0 cloak (worn)
Jewellery
 r - an amulet of magic regeneration (around neck)
 t - a ring of poison resistance (left hand)
Scrolls
 f - a scroll of noise {unknown}
 k - a scroll of blinking {unknown}
 p - a scroll of immolation {unknown}
 q - a scroll of torment {unknown}
 s - a scroll of identify {unknown}
Potions
 c - a potion of invisibility
 g - 2 potions of degeneration {unknown}
 i - 3 potions of curing {unknown}
 l - 2 potions of haste {unknown}
 o - a potion of flight {unknown}


   Skills:
 * Level 0.6 Fighting
 * Level 2.7 Short Blades
 + Level 2.9 Dodging
 + Level 5.3 Stealth
 * Level 3.3 Spellcasting
 * Level 4.2 Hexes
 * Level 0.2 Ice Magic


You had 7 spell levels left.
You knew the following spells:

 Your Spells              Type           Power      Damage    Failure   Level
a - Ensorcelled Hibernat  Hex/Ice        22%        N/A       10%         2

Your spell library contained the following spells:

 Spells                   Type           Power      Damage    Failure   Level
 Confusing Touch          Hex            18%        N/A       9%          3
 Tukima's Dance           Hex            18%        N/A       9%          3
 Dazzling Flash           Conj/Hex       20%        N/A       21%         3


Dungeon Overview and Level Annotations

Branches:
Dungeon (4/15)
 Temple: D:4-7

Altars:

Shops:
D:2 (

Annotations:
D:2 Natasha
D:4 Pikel


Innate Abilities, Weirdness & Mutations

You are very small and have problems with some larger weapons.
You are too small for most types of armour.
You have supernaturally acute eyesight. (SInv)
You cover ground extremely quickly. (Speed+++)


Message History

The ball python bites you but does no damage.
The ball python constricts you.
You hit the ball python.
You kill the ball python!
There is a stone staircase leading down here.
You open the door.
An orc wizard, an orc priest and 5 orcs come into view.
The orc shouts! x2; The orc wizard shouts!
An orc wizard comes into view. It is wielding a +0 dagger.
An orc comes into view. It is wielding a +0 falchion.
The orc shouts!
You hear a shout!
The orc shouts!
The orc throws a boomerang.
The boomerang closely misses you.
The orc wizard shouts!
There is an open door here.
You close the door.
An orc opens the door.
The orc wizard gestures at you while chanting.
The puff of flame misses you.
There is a stone staircase leading down here.
You climb downwards.
Found a flail and a book of Callings.
Found a stone staircase leading down.
There is a stone staircase leading up here.
The helpless Pikel fails to defend himself.
You impale Pikel!!
Pikel is heavily wounded.
The lemure shouts! x2
The lemure hits you. Pikel hits you but does no damage.
You barely miss Pikel.
Pikel is heavily wounded.
The lemure barely misses you. The lemure closely misses you.
Pikel barely misses you. The lemure misses you.
You hit Pikel but do no damage.
Pikel is heavily wounded.
The lemure closely misses you. Pikel misses you. The lemure hits you.
You hit Pikel.
Pikel is heavily wounded.
The lemure closely misses you. x2
Pikel hits you with a +0 whip of flaming!
Pikel burns you. The lemure completely misses you. The lemure hits you!
You die...

#..>.:...
#........
#.......
##......
#.....#
#.....#
#.5...###.#
#.@5..)...#
#K55......#
#.........#
#.........#
#.....###.#
#.....# #
#.....#
#.....#


You could see Pikel and 4 lemures.

Vanquished Creatures
  5 adders
  A dart slug (D:2)
  An orc (D:2)
  5 endoplasms (D:1)
  2 giant cockroaches (D:1)
  3 hobgoblins
  4 kobolds
  5 ball pythons
  7 bats
  4 frilled lizards (D:1)
  3 goblins
  6 rats
46 creatures vanquished.

Vanquished Creatures (others)
  60 plants (D:1)
60 creatures vanquished.

Grand Total: 106 creatures vanquished

Notes
Turn   | Place    | Note
-------+----------+-------------------------------------------
     0 | D:1      | kudzoo the Spriggan Enchanter began the quest for the Orb.
     0 | D:1      | Reached XP level 1. HP: 9/9 MP: 5/5
   369 | D:2      | Reached XP level 2. HP: 7/13 MP: 6/6
   503 | D:2      | Learned a level 2 spell: Ensorcelled Hibernation
  1072 | D:2      | Reached XP level 3. HP: 17/17 MP: 6/8
  1096 | D:2      | Reached skill level 5 in Stealth
  1221 | D:2      | Found Coeb's Weapon Shoppe.
  1334 | D:2      | Noticed Natasha
  1797 | D:3      | Reached XP level 4. HP: 21/21 MP: 6/9
  2194 | D:4      | Noticed Pikel
  2194 | D:4      | Noticed a lemure
  2194 | D:4      | Noticed a lemure
  2194 | D:4      | Noticed a lemure
  2194 | D:4      | Noticed a lemure
  2199 | D:4      | Slain by a lemure

Illustrated notes

Levels and vault maps discovered:
D:1:      roderic_crop_circles_arrival_small, layout_rooms
D:2:      layout_basic, serial_shops, shop, uniq_natasha
D:3:      minmay_roachtagon, layout_basic, roderic_roman_lattice
D:4:      layout_basic, xom_butterflies, uniq_pikel

Skill      XL: |  1  2  3 |
---------------+----------+-----
Spellcasting   | 3 |  3.3
Hexes          | 4 |  4.2
Stealth        | 5 |  5.3
Short Blades   | 2 |  2.7
Fighting       | |  0.6
Dodging        | |  2.9
Ice Magic      | |  0.2

Action                   |  1- 3 |  4- 6 || total
-------------------------+-------+-------++-------
Melee: Dagger            |   105 |    20 ||   125
       Punch             |     1 |       ||     1
 Cast: Ensorcelled Hiber |    18 |       ||    18
 Stab: Sleeping          |    19 |     5 ||    24
Armor: Robe              |    11 |     5 ||    16
Dodge: Dodged            |    57 |    19 ||    76
